Stars vs Penguins
(R1)
Created - May 28, 2020 at 20:49
Goals
|
Stars |
2 |
0 |
2 |
4 |
Penguins |
0 |
0 |
1 |
1 |
|
Shots
|
Stars |
13 |
7 |
12 |
32 |
Penguins |
9 |
9 |
6 |
24 |
|
1st period
1. Stars , Guillaume Latendresse 4 (John Tavares 11, Johnny Oduya 1) at 15:17
2. Stars , John Tavares 10 (Guillaume Latendresse 10, Michael Grabner 11) at 16:13 (PP)
Penalties :
Michael Grabner (Dal) for Hooking (Minor) at 0:31, Brian Lee (Dal) for Elbowing (Minor) at 5:28, Marcus Foligno (Pit) for Roughing (Minor) at 15:58
2nd period
No Goal
Penalties :
Brian Elliott (Dal) for Slashing (Minor) at 1:51 - Brian Lee served the penalty, Dustin Brown (Pit) for Hooking (Minor) at 4:38, Sean Bergenheim (Pit) for Slashing (Minor) at 9:42, Alex Chiasson (Dal) for Hooking (Minor) at 12:58
3rd period
3. Penguins , Steven Stamkos 11 (Keith Aulie 6, Andrew Cogliano 7) at 7:05
4. Stars , John Tavares 11 (Guillaume Latendresse 11) at 10:09
5. Stars , B.J. Crombeen 2 (Alexander Frolov 5, Lasse Kukkonen 1) at 16:22
Penalties :
Guillaume Latendresse (Dal) for High sticking (Minor) at 7:24, Andrew Cogliano (Pit) for Slashing (Minor) at 7:49, Cory Emmerton (Dal) for Tripping (Minor) at 10:38, Ian White (Dal) for Hooking (Minor) at 16:45, Keith Aulie (Pit) for Hooking (Minor) at 19:45
Goalie Stats
Brian Elliott (Dal), 23 saves from 24 shots - (0.958), W, 6-1-0, 60:00 minutes
Michal Neuvirth (Pit), 28 saves from 32 shots - (0.875), L, 5-4-1, 60:00 minutes
Players Stats for Stars
Player Name G A P +/- PIM S H SB GA TA FO MP PP MP PK MP
------------------------------------------------------------------------------------
Alex Chiasson 0 0 0 0 2 2 2 0 0 0 0/0 14:32 2:05 0:00
Alexander Frolov 0 1 1 1 0 1 2 0 0 0 0/0 12:10 0:34 1:44
Andrej Sustr 0 0 0 2 0 0 0 0 0 0 0/0 14:31 0:00 2:47
B.J. Crombeen 1 0 1 1 0 2 1 0 0 0 0/1 8:18 0:00 0:00
Boris Valabik 0 0 0 1 0 0 1 3 1 1 0/0 20:49 1:48 5:45
Brian Flynn 0 0 0 0 0 1 1 0 0 0 2/3 8:43 0:18 1:41
Brian Lee 0 0 0 -1 2 1 3 3 0 1 0/0 26:03 3:04 4:59
Cam Atkinson 0 0 0 0 0 2 0 0 0 0 0/0 6:14 0:00 0:00
Cory Emmerton 0 0 0 0 2 0 1 1 0 0 5/12 19:08 2:05 4:03
Evgeny Grachev 0 0 0 1 0 2 0 0 0 0 3/6 8:38 0:00 0:13
Guillaume Latendresse 1 2 3 1 2 5 1 2 0 0 0/2 22:38 2:37 6:17
Ian White 0 0 0 -1 2 0 2 1 0 0 0/0 27:26 2:30 6:17
John Tavares 2 1 3 1 0 7 2 0 1 0 19/31 23:52 2:23 6:44
Johnny Oduya 0 1 1 2 0 0 0 2 1 1 0/0 12:44 0:34 0:04
Jussi Jokinen 0 0 0 0 0 3 0 1 0 0 2/2 18:19 2:05 3:56
Lasse Kukkonen 0 1 1 1 0 1 1 0 2 0 0/0 19:21 1:48 4:46
Michael Grabner 0 1 1 1 2 3 0 0 0 0 0/1 15:40 2:29 0:00
Ted Purcell 0 0 0 0 0 2 0 0 1 0 0/1 6:55 0:00 0:00
Players Stats for Penguins
Player Name G A P +/- PIM S H SB GA TA FO MP PP MP PK MP
------------------------------------------------------------------------------------
Ales Hemsky 0 0 0 -1 0 1 0 0 0 0 0/0 7:08 0:15 0:00
Andrew Cogliano 0 1 1 0 2 4 3 1 0 1 0/1 22:47 6:16 1:39
Cal Clutterbuck 0 0 0 -1 0 2 0 0 0 0 0/1 10:14 0:00 0:31
Claude Giroux 0 0 0 0 0 0 0 0 0 1 1/6 20:49 6:53 3:04
Danny DeKeiser 0 0 0 0 0 3 2 0 0 1 0/0 20:50 5:24 2:03
Dustin Brown 0 0 0 0 2 2 0 1 1 0 0/1 19:44 5:11 0:00
Eric Gryba 0 0 0 -1 0 0 1 0 0 1 0/0 14:29 0:00 1:49
Joe Colborne 0 0 0 -1 0 1 2 0 0 0 3/3 9:44 0:30 0:00
Keith Aulie 0 1 1 -1 2 0 2 3 1 0 0/0 26:41 6:55 2:49
Logan Couture 0 0 0 0 0 1 1 1 0 0 7/11 16:41 5:29 1:17
Marcus Foligno 0 0 0 -1 2 1 0 2 0 0 0/0 11:35 0:36 0:53
Matt Corrente 0 0 0 -1 0 1 1 0 0 0 0/0 12:28 0:00 0:00
Sean Bergenheim 0 0 0 0 2 0 1 0 0 0 0/2 18:08 5:26 1:49
Sean Zimmerman 0 0 0 -1 0 0 0 2 0 2 0/0 25:09 4:51 3:03
Steven Stamkos 1 0 1 0 0 6 2 0 1 0 15/31 22:54 6:20 0:31
Tomas Plekanec 0 0 0 -1 0 0 1 0 0 0 2/3 6:53 0:00 0:00
Tuomo Ruutu 0 0 0 -1 0 1 1 0 0 0 0/0 6:53 0:00 0:00
Victor Hedman 0 0 0 0 0 1 0 0 0 0 0/0 20:22 7:28 0:00
3 Stars
1 - John Tavares (Dal)
2 - Guillaume Latendresse (Dal)
3 - Brian Elliott (Dal)
Power Play
Stars - 1 on 5 Attempt(s) - 20.00%
Penguins - 0 on 7 Attempt(s) - 0.00%
Penalty Kill
Stars - 7 on 7 Attempt(s) - 100.00%
- Score 0 goal in Penalty Kill
Penguins - 4 on 5 Attempt(s) - 80.00%
- Score 0 goal in Penalty Kill
Team Stat
Stars - Hits : 17 - Faceoff Wins : 31 - Blocked Shots : 13 - Penalty Minutes : 14
Penguins - Hits : 17 - Faceoff Wins : 28 - Blocked Shots : 10 - Penalty Minutes : 10
Official
Referees : Unknown
Linesman : Unknown
Game Notes
No Game Note
Finance
Level 1 -- Attendance: 5991 (99.85%) -- Ticket Income $718,920
Level 2 -- Attendance: 4935 (98.70%) -- Ticket Income $345,450
Level 3 -- Attendance: 2000 (100.00%) -- Ticket Income $90,000
Level 4 -- Attendance: 3625 (90.63%) -- Ticket Income $126,875
Luxury Box -- Attendance: 1000 (100.00%) -- Ticket Income $200,000
Game was played at the Igloo.
Total Attendance: 17551 (97.51%)
Total Ticket Income: $1,481,245
Other Income: $222,187
Total Income: $1,703,432
Stars
5 vs 5 Forward
Center Left Wing Right Wing Time % Phy DF OF
1 John Tavares Guillaume Latendresse Michael Grabner 40 0 2 3
2 Cory Emmerton Jussi Jokinen Alex Chiasson 30 0 2 3
3 Evgeny Grachev Alexander Frolov B.J. Crombeen 20 0 2 3
4 Brian Flynn Ted Purcell Cam Atkinson 10 1 2 2
5 vs 5 Defense
Defense Defense Time % Phy DF OF
1 Ian White Brian Lee 40 1 2 2
2 Boris Valabik Lasse Kukkonen 30 1 2 2
3 Johnny Oduya Andrej Sustr 20 1 2 2
4 Ian White Brian Lee 10 1 2 2
PowerPlay Forward
Center Left Wing Right Wing Time % Phy DF OF
1 John Tavares Guillaume Latendresse Michael Grabner 60 0 2 3
2 Cory Emmerton Jussi Jokinen Alex Chiasson 40 0 2 3
PowerPlay Defense
Defense Defense Time % Phy DF OF
1 Ian White Brian Lee 60 0 2 3
2 Boris Valabik Lasse Kukkonen 40 0 2 3
Penalty Kill 4 Players Forward
Center Wing Time % Phy DF OF
1 John Tavares Guillaume Latendresse 60 0 3 2
2 Cory Emmerton Jussi Jokinen 40 0 3 2
Penalty Kill 4 Players Defense
Defense Defense Time % Phy DF OF
1 Ian White Brian Lee 60 0 3 2
2 Boris Valabik Lasse Kukkonen 40 0 3 2
Penalty Kill - 3 Players Forward
Forward Time % Phy DF OF
1 John Tavares 60 0 3 2
2 Guillaume Latendresse 40 0 3 2
Penalty Kill - 3 Players Defense
Defense Defense Time % Phy DF OF
1 Ian White Brian Lee 60 0 3 2
2 Boris Valabik Lasse Kukkonen 40 0 3 2
4 vs 4 Forward
Center Wing Time % Phy DF OF
1 John Tavares Guillaume Latendresse 60 0 2 3
2 Cory Emmerton Jussi Jokinen 40 0 2 3
4 vs 4 Defense
Defense Defense Time % Phy DF OF
1 Ian White Brian Lee 60 1 2 2
2 Boris Valabik Lasse Kukkonen 40 1 2 2
Last Minutes Offensive
Center Left Wing Right Wing Defense Defense
John Tavares Guillaume Latendresse Michael Grabner Ian White Brian Lee
Last Minutes Defensive
Center Left Wing Right Wing Defense Defense
John Tavares Guillaume Latendresse Michael Grabner Ian White Brian Lee
Goaltenders
Starting : Brian Elliott
Backup : Cory Schneider
Extra Forwards
Normal : Alexander Frolov, Ted Purcell, Cory Emmerton - PP : Alexander Frolov, Ted Purcell - PK : Cory Emmerton
Extra Defensemen
Normal : Johnny Oduya, Andrej Sustr, Boris Valabik - PP : Johnny Oduya - PK : Andrej Sustr, Boris Valabik
Penalty Shots
John Tavares, Guillaume Latendresse, Jussi Jokinen, Alex Chiasson, Alexander Frolov
Scratches
Antoine Vermette (Healthy), Lee Stempniak (Healthy), Niklas Hjalmarsson (Healthy)
Penguins
5 vs 5 Forward
Center Left Wing Right Wing Time % Phy DF OF
1 Steven Stamkos Andrew Cogliano Dustin Brown 40 0 2 3
2 Logan Couture Sean Bergenheim Claude Giroux 30 0 2 3
3 Joe Colborne Marcus Foligno Cal Clutterbuck 20 0 2 3
4 Tomas Plekanec Tuomo Ruutu Ales Hemsky 10 0 2 3
5 vs 5 Defense
Defense Defense Time % Phy DF OF
1 Sean Zimmerman Keith Aulie 40 1 2 2
2 Danny DeKeiser Victor Hedman 30 1 2 2
3 Eric Gryba Matt Corrente 20 1 2 2
4 Sean Zimmerman Keith Aulie 10 1 2 2
PowerPlay Forward
Center Left Wing Right Wing Time % Phy DF OF
1 Steven Stamkos Andrew Cogliano Claude Giroux 60 0 0 5
2 Logan Couture Sean Bergenheim Dustin Brown 40 0 0 5
PowerPlay Defense
Defense Defense Time % Phy DF OF
1 Victor Hedman Keith Aulie 60 0 1 4
2 Sean Zimmerman Danny DeKeiser 40 0 1 4
Penalty Kill 4 Players Forward
Center Wing Time % Phy DF OF
1 Claude Giroux Sean Bergenheim 60 0 5 0
2 Steven Stamkos Cal Clutterbuck 40 0 5 0
Penalty Kill 4 Players Defense
Defense Defense Time % Phy DF OF
1 Sean Zimmerman Keith Aulie 60 1 4 0
2 Danny DeKeiser Eric Gryba 40 1 4 0
Penalty Kill - 3 Players Forward
Forward Time % Phy DF OF
1 Claude Giroux 60 0 5 0
2 Steven Stamkos 40 0 5 0
Penalty Kill - 3 Players Defense
Defense Defense Time % Phy DF OF
1 Sean Zimmerman Keith Aulie 60 1 4 0
2 Danny DeKeiser Eric Gryba 40 1 4 0
4 vs 4 Forward
Center Wing Time % Phy DF OF
1 Steven Stamkos Andrew Cogliano 60 0 2 3
2 Claude Giroux Sean Bergenheim 40 0 2 3
4 vs 4 Defense
Defense Defense Time % Phy DF OF
1 Sean Zimmerman Keith Aulie 60 1 2 2
2 Danny DeKeiser Victor Hedman 40 1 2 2
Last Minutes Offensive
Center Left Wing Right Wing Defense Defense
Steven Stamkos Sean Bergenheim Claude Giroux Victor Hedman Keith Aulie
Last Minutes Defensive
Center Left Wing Right Wing Defense Defense
Steven Stamkos Sean Bergenheim Claude Giroux Sean Zimmerman Keith Aulie
Goaltenders
Starting : Michal Neuvirth
Backup : Sergei Bobrovsky
Extra Forwards
Normal : Claude Giroux, Steven Stamkos, Marcus Foligno - PP : Claude Giroux, Steven Stamkos - PK : Claude Giroux
Extra Defensemen
Normal : Sean Zimmerman, Danny DeKeiser, Eric Gryba - PP : Victor Hedman - PK : Sean Zimmerman, Danny DeKeiser
Penalty Shots
Claude Giroux, Steven Stamkos, Sean Bergenheim, Andrew Cogliano, Marcus Foligno
Scratches
Michael Raffl (Healthy)
% Time on Ice - Stars
Lines # - Real PCT - Wanted PCT - Time Play
Normal Forward
1 - 35% - 40% - 14:25
2 - 30% - 30% - 12:18
3 - 20% - 20% - 8:18
4 - 15% - 10% - 6:14
Normal Defense
1 - 40% - 40% - 16:22
2 - 29% - 30% - 12:09
3 - 28% - 20% - 11:44
4 - 2% - 10% - 1:00
PP Forward
1 - 57% - 60% - 2:47
2 - 43% - 40% - 2:05
PP Defense
1 - 63% - 60% - 3:04
2 - 37% - 40% - 1:48
PK Forward
1 - 68% - 60% - 8:23
2 - 32% - 40% - 3:56
PK Defense
1 - 61% - 60% - 7:33
2 - 39% - 40% - 4:46
PK3 Forward
1 - 0% - 60%
2 - 0% - 40%
PK3 Defense
1 - 0% - 60%
2 - 0% - 40%
44 Forward
1 - 100% - 60% - 1:34
2 - 0% - 40% - 0:00
44 Defense
1 - 60% - 60% - 0:56
2 - 40% - 40% - 0:38
Last Minute Offensive - 0:00
Last Minute Defensive - 0:00
Total
Forward - 60:00
Defense - 60:00
|
% Time on Ice - Penguins
Lines # - Real PCT - Wanted PCT - Time Play
Normal Forward
1 - 36% - 40% - 14:52
2 - 25% - 30% - 10:16
3 - 22% - 20% - 9:14
4 - 17% - 10% - 6:53
Normal Defense
1 - 40% - 40% - 16:20
2 - 29% - 30% - 12:09
3 - 30% - 20% - 12:28
4 - 1% - 10% - 0:18
PP Forward
1 - 56% - 60% - 6:53
2 - 44% - 40% - 5:26
PP Defense
1 - 61% - 60% - 7:28
2 - 39% - 40% - 4:51
PK Forward
1 - 89% - 60% - 4:21
2 - 11% - 40% - 0:31
PK Defense
1 - 63% - 60% - 3:03
2 - 37% - 40% - 1:49
PK3 Forward
1 - 0% - 60%
2 - 0% - 40%
PK3 Defense
1 - 0% - 60%
2 - 0% - 40%
44 Forward
1 - 100% - 60% - 1:34
2 - 0% - 40% - 0:00
44 Defense
1 - 59% - 60% - 0:55
2 - 41% - 40% - 0:39
Last Minute Offensive - 0:00
Last Minute Defensive - 0:00
Total
Forward - 60:00
Defense - 60:00
|
Play-by-Play
1st period
0:01 of 1st period - John Tavares wins face-off versus Steven Stamkos in neutral zone.
0:08 of 1st period - Snap shot by Steven Stamkos.
0:08 of 1st period - Stopped by Brian Elliott without a rebound.
0:09 of 1st period - John Tavares wins face-off versus Steven Stamkos in Stars zone.
0:31 of 1st period - Minor Penalty to Michael Grabner for Hooking.
0:32 of 1st period - Steven Stamkos wins face-off versus John Tavares in Stars zone.
0:34 of 1st period - Wrist shot by Steven Stamkos.
0:34 of 1st period - Shot Misses the Net.
0:36 of 1st period - Slapshot by Keith Aulie.
0:36 of 1st period - Shot Misses the Net.
0:38 of 1st period - Slapshot by Keith Aulie.
0:38 of 1st period - Shot Misses the Net.
0:40 of 1st period - Slapshot by Victor Hedman.
0:40 of 1st period - Shot Blocked by Brian Lee.
1:04 of 1st period - Snap shot by Keith Aulie.
1:04 of 1st period - Shot Misses the Net.
1:06 of 1st period - Slapshot by Sean Bergenheim.
1:06 of 1st period - Shot Blocked by Ian White.
2:24 of 1st period - Slapshot by Alexander Frolov.
2:24 of 1st period - Stopped by Michal Neuvirth with a rebound.
2:31 of 1st period - Penalty to Michael Grabner is over, Michael Grabner is back on ice.
3:25 of 1st period - Matt Corrente is hit by John Tavares and loses puck.
3:34 of 1st period - Slapshot by Ales Hemsky.
3:34 of 1st period - Shot Blocked by Guillaume Latendresse.
3:36 of 1st period - Slapshot by Eric Gryba.
3:36 of 1st period - Shot Blocked by Brian Lee.
3:38 of 1st period - Slapshot by Matt Corrente.
3:38 of 1st period - Deflect By Tuomo Ruutu.
3:38 of 1st period - Shot Blocked by Guillaume Latendresse.
3:38 of 1st period - Puck is out of play.
3:39 of 1st period - Joe Colborne wins face-off versus Evgeny Grachev in Stars zone.
3:42 of 1st period - Snap shot by Joe Colborne.
3:42 of 1st period - Shot Misses the Net.
3:49 of 1st period - Off-side.
3:50 of 1st period - Logan Couture wins face-off versus Cory Emmerton in neutral zone.
4:07 of 1st period - Snap shot by Claude Giroux.
4:07 of 1st period - Shot Blocked by Cory Emmerton.
4:10 of 1st period - Icing by Lasse Kukkonen.
4:11 of 1st period - Steven Stamkos wins face-off versus Cory Emmerton in Stars zone.
4:44 of 1st period - Snap shot by Claude Giroux.
4:44 of 1st period - Shot Misses the Net.
4:52 of 1st period - Snap shot by Guillaume Latendresse.
4:52 of 1st period - Shot Misses the Net.
5:11 of 1st period - Wrist shot by Alexander Frolov.
5:11 of 1st period - Shot Misses the Net.
5:28 of 1st period - Minor Penalty to Brian Lee for Elbowing.
5:29 of 1st period - Steven Stamkos wins face-off versus John Tavares in Stars zone.
6:28 of 1st period - Cory Emmerton is hit by Sean Bergenheim and loses puck.
6:43 of 1st period - Ian White is hit by Andrew Cogliano and loses puck.
7:06 of 1st period - Boris Valabik is hit by Steven Stamkos and loses puck.
7:28 of 1st period - Penalty to Brian Lee is over, Brian Lee is back on ice.
7:45 of 1st period - Slapshot by Ted Purcell.
7:45 of 1st period - Deflect By Cam Atkinson.
7:45 of 1st period - Stopped by Michal Neuvirth with a rebound.
7:47 of 1st period - Wrist shot by Lasse Kukkonen.
7:47 of 1st period - Stopped by Michal Neuvirth with a rebound.
7:49 of 1st period - Snap shot by Brian Flynn.
7:49 of 1st period - Deflect By Ted Purcell.
7:49 of 1st period - Shot Misses the Net.
7:49 of 1st period - Puck is out of play.
7:50 of 1st period - Evgeny Grachev wins face-off versus Tomas Plekanec in Penguins zone.
8:24 of 1st period - Wrist shot by Jussi Jokinen.
8:24 of 1st period - Shot Misses the Net.
8:26 of 1st period - Slapshot by Andrej Sustr.
8:26 of 1st period - Shot Blocked by Sean Zimmerman.
8:28 of 1st period - Slapshot by Johnny Oduya.
8:28 of 1st period - Shot Blocked by Sean Zimmerman.
8:30 of 1st period - Wrist shot by Jussi Jokinen.
8:30 of 1st period - Deflect By Sean Zimmerman.
8:30 of 1st period - Stopped by Michal Neuvirth without a rebound.
8:31 of 1st period - John Tavares wins face-off versus Steven Stamkos in Penguins zone.
8:45 of 1st period - Wrist shot by Michael Grabner.
8:45 of 1st period - Shot Blocked by Dustin Brown.
8:47 of 1st period - Wrist shot by John Tavares.
8:47 of 1st period - Stopped by Michal Neuvirth with a rebound.
9:01 of 1st period - Slapshot by Victor Hedman.
9:01 of 1st period - Stopped by Brian Elliott with a rebound.
9:03 of 1st period - Wrist shot by Danny DeKeiser.
9:03 of 1st period - Stopped by Brian Elliott with a rebound.
9:05 of 1st period - Snap shot by Sean Bergenheim.
9:05 of 1st period - Shot Misses the Net.
9:07 of 1st period - Backhand shot by Danny DeKeiser.
9:07 of 1st period - Stopped by Brian Elliott with a rebound.
9:09 of 1st period - Slapshot by Victor Hedman.
9:09 of 1st period - Shot Blocked by Jussi Jokinen.
9:47 of 1st period - Wrist shot by Steven Stamkos.
9:47 of 1st period - Stopped by Brian Elliott without a rebound.
9:48 of 1st period - Cory Emmerton wins face-off versus Logan Couture in Stars zone.
10:01 of 1st period - Snap shot by Jussi Jokinen.
10:01 of 1st period - Shot Misses the Net.
10:03 of 1st period - Snap shot by Boris Valabik.
10:03 of 1st period - Deflect By Cory Emmerton.
10:03 of 1st period - Shot Misses the Net.
10:03 of 1st period - Puck is out of play.
10:04 of 1st period - Steven Stamkos wins face-off versus John Tavares in Penguins zone.
10:09 of 1st period - Snap shot by John Tavares.
10:09 of 1st period - Stopped by Michal Neuvirth without a rebound.
10:10 of 1st period - Steven Stamkos wins face-off versus Michael Grabner in Penguins zone.
10:23 of 1st period - Snap shot by Michael Grabner.
10:23 of 1st period - Stopped by Michal Neuvirth without a rebound.
10:24 of 1st period - Steven Stamkos wins face-off versus John Tavares in Penguins zone.
10:37 of 1st period - Snap shot by John Tavares.
10:37 of 1st period - Stopped by Michal Neuvirth without a rebound.
10:38 of 1st period - John Tavares wins face-off versus Steven Stamkos in Penguins zone.
11:35 of 1st period - Snap shot by Cal Clutterbuck.
11:35 of 1st period - Stopped by Brian Elliott without a rebound.
11:36 of 1st period - Steven Stamkos wins face-off versus John Tavares in Stars zone.
11:39 of 1st period - Slapshot by Steven Stamkos.
11:39 of 1st period - Shot Blocked by Boris Valabik.
12:37 of 1st period - Andrej Sustr is hit by Joe Colborne and loses puck.
12:48 of 1st period - Snap shot by Steven Stamkos.
12:48 of 1st period - Deflect By Alexander Frolov.
12:48 of 1st period - Shot Blocked by Johnny Oduya.
12:48 of 1st period - Puck is out of play.
12:49 of 1st period - John Tavares wins face-off versus Steven Stamkos in Stars zone.
12:54 of 1st period - Sean Zimmerman is hit by Brian Lee.
13:16 of 1st period - Sean Bergenheim is hit by Alex Chiasson and loses puck.
13:21 of 1st period - Slapshot by Jussi Jokinen.
13:21 of 1st period - Shot Misses the Net.
13:53 of 1st period - Backhand shot by Tuomo Ruutu.
13:53 of 1st period - Shot Misses the Net.
14:34 of 1st period - Slapshot by Andrew Cogliano.
14:34 of 1st period - Shot Blocked by Johnny Oduya.
14:40 of 1st period - Andrej Sustr is hit by Eric Gryba and loses puck.
15:07 of 1st period - Snap shot by Andrew Cogliano.
15:07 of 1st period - Stopped by Brian Elliott with a rebound.
15:17 of 1st period - Snap shot by John Tavares.
15:17 of 1st period - Deflect By Guillaume Latendresse.
15:17 of 1st period - Goal by Guillaume Latendresse - Stars : 1 - Penguins : 0.
15:18 of 1st period - Logan Couture wins face-off versus B.J. Crombeen in neutral zone.
15:58 of 1st period - Minor Penalty to Marcus Foligno for Roughing.
15:59 of 1st period - John Tavares wins face-off versus Claude Giroux in Penguins zone.
16:13 of 1st period - Snap shot by John Tavares.
16:13 of 1st period - Goal by John Tavares - Stars : 2 - Penguins : 0.
16:14 of 1st period - John Tavares wins face-off versus Steven Stamkos in neutral zone.
17:04 of 1st period - Snap shot by B.J. Crombeen.
17:04 of 1st period - Stopped by Michal Neuvirth with a rebound.
17:45 of 1st period - Slapshot by Steven Stamkos.
17:45 of 1st period - Stopped by Brian Elliott with a rebound.
17:47 of 1st period - Snap shot by Matt Corrente.
17:47 of 1st period - Stopped by Brian Elliott without a rebound.
17:48 of 1st period - Steven Stamkos wins face-off versus Guillaume Latendresse in Stars zone.
17:57 of 1st period - Slapshot by Brian Lee.
17:57 of 1st period - Deflect By Steven Stamkos.
17:57 of 1st period - Stopped by Michal Neuvirth without a rebound.
17:58 of 1st period - John Tavares wins face-off versus Sean Bergenheim in Penguins zone.
18:46 of 1st period - Slapshot by John Tavares.
18:46 of 1st period - Stopped by Michal Neuvirth with a rebound.
18:48 of 1st period - Wrist shot by Guillaume Latendresse.
18:48 of 1st period - Shot Misses the Net.
18:50 of 1st period - Slapshot by Ian White.
18:50 of 1st period - Deflect By John Tavares.
18:50 of 1st period - Shot Misses the Net.
18:50 of 1st period - Puck is out of play.
18:51 of 1st period - Cory Emmerton wins face-off versus Steven Stamkos in Penguins zone.
19:18 of 1st period - Danny DeKeiser is hit by B.J. Crombeen and loses puck.
19:29 of 1st period - Backhand shot by Alexander Frolov.
19:29 of 1st period - Deflect By Evgeny Grachev.
19:29 of 1st period - Shot Blocked by Marcus Foligno.
19:29 of 1st period - Puck is out of play.
19:30 of 1st period - Brian Flynn wins face-off versus Steven Stamkos in Penguins zone.
Goals for this period are 2 for Stars vs 0 for Penguins.
Shots for this period are 13 for Stars vs 9 for Penguins.
2nd period
0:01 of 2nd period - Steven Stamkos wins face-off versus John Tavares in neutral zone.
0:12 of 2nd period - Snap shot by Andrew Cogliano.
0:12 of 2nd period - Shot Misses the Net.
0:14 of 2nd period - Wrist shot by Steven Stamkos.
0:14 of 2nd period - Deflect By Dustin Brown.
0:14 of 2nd period - Shot Misses the Net.
0:14 of 2nd period - Puck is out of play.
0:15 of 2nd period - Logan Couture wins face-off versus Cory Emmerton in Stars zone.
0:16 of 2nd period - Wrist shot by Claude Giroux.
0:16 of 2nd period - Deflect By Logan Couture.
0:16 of 2nd period - Stopped by Brian Elliott without a rebound.
0:17 of 2nd period - Cory Emmerton wins face-off versus Logan Couture in Stars zone.
0:44 of 2nd period - Slapshot by Ian White.
0:44 of 2nd period - Deflect By Guillaume Latendresse.
0:44 of 2nd period - Stopped by Michal Neuvirth without a rebound.
0:45 of 2nd period - John Tavares wins face-off versus Steven Stamkos in Penguins zone.
0:50 of 2nd period - Wrist shot by John Tavares.
0:50 of 2nd period - Shot Misses the Net.
1:29 of 2nd period - Snap shot by Dustin Brown.
1:29 of 2nd period - Stopped by Brian Elliott with a rebound.
1:31 of 2nd period - Wrist shot by Andrew Cogliano.
1:31 of 2nd period - Shot Misses the Net.
1:41 of 2nd period - Snap shot by Dustin Brown.
1:41 of 2nd period - Shot Blocked by Brian Lee.
1:51 of 2nd period - Wrist shot by Steven Stamkos.
1:51 of 2nd period - Stopped by Brian Elliott without a rebound.
1:51 of 2nd period - Minor Penalty to Brian Elliott for Slashing.
1:52 of 2nd period - Logan Couture wins face-off versus John Tavares in Stars zone.
2:17 of 2nd period - Boris Valabik is hit by Andrew Cogliano and loses puck.
3:19 of 2nd period - Off-side.
3:20 of 2nd period - Joe Colborne wins face-off versus Brian Flynn in neutral zone.
3:51 of 2nd period - Penalty to Brian Lee is over, Brian Lee is back on ice.
4:38 of 2nd period - Minor Penalty to Dustin Brown for Hooking.
4:39 of 2nd period - Jussi Jokinen wins face-off versus Claude Giroux in Penguins zone.
4:53 of 2nd period - Wrist shot by Jussi Jokinen.
4:53 of 2nd period - Shot Misses the Net.
6:05 of 2nd period - Jussi Jokinen is hit by Keith Aulie and loses puck.
6:38 of 2nd period - Penalty to Dustin Brown is over, Dustin Brown is back on ice.
6:46 of 2nd period - Icing by Sean Zimmerman.
6:47 of 2nd period - Tomas Plekanec wins face-off versus Ted Purcell in Penguins zone.
6:52 of 2nd period - Snap shot by Tuomo Ruutu.
6:52 of 2nd period - Stopped by Brian Elliott with a rebound.
7:47 of 2nd period - Snap shot by Steven Stamkos.
7:47 of 2nd period - Deflect By Andrew Cogliano.
7:47 of 2nd period - Stopped by Brian Elliott without a rebound.
7:48 of 2nd period - Cory Emmerton wins face-off versus Logan Couture in Stars zone.
8:28 of 2nd period - Snap shot by Joe Colborne.
8:28 of 2nd period - Stopped by Brian Elliott with a rebound.
8:48 of 2nd period - Slapshot by Ales Hemsky.
8:48 of 2nd period - Shot Misses the Net.
8:58 of 2nd period - Boris Valabik is hit by Danny DeKeiser and loses puck.
9:07 of 2nd period - Steven Stamkos is hit by John Tavares and loses puck.
9:36 of 2nd period - Snap shot by Jussi Jokinen.
9:36 of 2nd period - Stopped by Michal Neuvirth with a rebound.
9:42 of 2nd period - Minor Penalty to Sean Bergenheim for Slashing.
9:43 of 2nd period - John Tavares wins face-off versus Claude Giroux in Penguins zone.
9:54 of 2nd period - Snap shot by John Tavares.
9:54 of 2nd period - Shot Misses the Net.
10:00 of 2nd period - Slapshot by Michael Grabner.
10:00 of 2nd period - Stopped by Michal Neuvirth with a rebound.
10:40 of 2nd period - Marcus Foligno is hit by Lasse Kukkonen.
10:56 of 2nd period - Snap shot by Guillaume Latendresse.
10:56 of 2nd period - Deflect By Alex Chiasson.
10:56 of 2nd period - Stopped by Michal Neuvirth without a rebound.
10:57 of 2nd period - Logan Couture wins face-off versus Cory Emmerton in Penguins zone.
11:42 of 2nd period - Penalty to Sean Bergenheim is over, Sean Bergenheim is back on ice.
12:18 of 2nd period - Eric Gryba is hit by Brian Flynn.
12:50 of 2nd period - Slapshot by Steven Stamkos.
12:50 of 2nd period - Shot Misses the Net.
12:52 of 2nd period - Wrist shot by Andrew Cogliano.
12:52 of 2nd period - Stopped by Brian Elliott with a rebound.
12:58 of 2nd period - Minor Penalty to Alex Chiasson for Hooking.
12:59 of 2nd period - Steven Stamkos wins face-off versus John Tavares in Stars zone.
13:58 of 2nd period - Icing by Danny DeKeiser.
13:59 of 2nd period - Cory Emmerton wins face-off versus Steven Stamkos in Penguins zone.
14:04 of 2nd period - Snap shot by Jussi Jokinen.
14:04 of 2nd period - Stopped by Michal Neuvirth without a rebound.
14:05 of 2nd period - Steven Stamkos wins face-off versus Guillaume Latendresse in Penguins zone.
14:36 of 2nd period - Slapshot by Victor Hedman.
14:36 of 2nd period - Shot Blocked by Boris Valabik.
14:38 of 2nd period - Slapshot by Keith Aulie.
14:38 of 2nd period - Shot Blocked by Boris Valabik.
14:58 of 2nd period - Penalty to Alex Chiasson is over, Alex Chiasson is back on ice.
16:16 of 2nd period - Wrist shot by B.J. Crombeen.
16:16 of 2nd period - Shot Misses the Net.
16:28 of 2nd period - John Tavares is hit by Steven Stamkos.
17:11 of 2nd period - Snap shot by Ales Hemsky.
17:11 of 2nd period - Shot Misses the Net.
17:49 of 2nd period - Wrist shot by Dustin Brown.
17:49 of 2nd period - Stopped by Brian Elliott with a rebound.
17:51 of 2nd period - Slapshot by Danny DeKeiser.
17:51 of 2nd period - Stopped by Brian Elliott with a rebound.
17:53 of 2nd period - Slapshot by Victor Hedman.
17:53 of 2nd period - Shot Misses the Net.
18:12 of 2nd period - Wrist shot by Brian Flynn.
18:12 of 2nd period - Stopped by Michal Neuvirth with a rebound.
18:42 of 2nd period - Wrist shot by Ted Purcell.
18:42 of 2nd period - Stopped by Michal Neuvirth with a rebound.
19:12 of 2nd period - Ian White is hit by Tuomo Ruutu and loses puck.
19:38 of 2nd period - Cory Emmerton is hit by Danny DeKeiser and loses puck.
19:52 of 2nd period - Off-side.
19:53 of 2nd period - Logan Couture wins face-off versus Evgeny Grachev in neutral zone.
19:55 of 2nd period - Off-side.
19:56 of 2nd period - Evgeny Grachev wins face-off versus Steven Stamkos in neutral zone.
Goals for this period are 0 for Stars vs 0 for Penguins.
Shots for this period are 7 for Stars vs 9 for Penguins.
3rd period
0:01 of 3rd period - John Tavares wins face-off versus Dustin Brown in neutral zone.
0:26 of 3rd period - Alex Chiasson is hit by Logan Couture and loses puck.
0:51 of 3rd period - Victor Hedman is hit by Ian White and loses puck.
2:44 of 3rd period - Slapshot by Guillaume Latendresse.
2:44 of 3rd period - Stopped by Michal Neuvirth without a rebound.
2:45 of 3rd period - Jussi Jokinen wins face-off versus Logan Couture in Penguins zone.
2:50 of 3rd period - Wrist shot by Alex Chiasson.
2:50 of 3rd period - Shot Blocked by Logan Couture.
2:52 of 3rd period - Wrist shot by Jussi Jokinen.
2:52 of 3rd period - Shot Misses the Net.
2:54 of 3rd period - Wrist shot by Alex Chiasson.
2:54 of 3rd period - Stopped by Michal Neuvirth with a rebound.
2:56 of 3rd period - Slapshot by Johnny Oduya.
2:56 of 3rd period - Shot Hit the Post.
2:58 of 3rd period - Slapshot by Johnny Oduya.
2:58 of 3rd period - Shot Misses the Net.
3:12 of 3rd period - Danny DeKeiser is hit by Guillaume Latendresse and loses puck.
3:21 of 3rd period - Slapshot by Michael Grabner.
3:21 of 3rd period - Shot Blocked by Marcus Foligno.
3:33 of 3rd period - Tomas Plekanec is hit by Brian Lee and loses puck.
3:54 of 3rd period - Steven Stamkos is hit by Ian White and loses puck.
3:59 of 3rd period - Slapshot by Cam Atkinson.
3:59 of 3rd period - Deflect By Ted Purcell.
3:59 of 3rd period - Stopped by Michal Neuvirth with a rebound.
4:01 of 3rd period - Snap shot by Ted Purcell.
4:01 of 3rd period - Shot Misses the Net.
4:15 of 3rd period - Jussi Jokinen is hit by Matt Corrente and loses puck.
4:48 of 3rd period - Lasse Kukkonen is hit by Tomas Plekanec.
5:13 of 3rd period - Joe Colborne is hit by Alex Chiasson and loses puck.
5:50 of 3rd period - Snap shot by Cam Atkinson.
5:50 of 3rd period - Stopped by Michal Neuvirth without a rebound.
5:51 of 3rd period - Brian Flynn wins face-off versus Claude Giroux in Penguins zone.
6:26 of 3rd period - Snap shot by Marcus Foligno.
6:26 of 3rd period - Stopped by Brian Elliott with a rebound.
6:40 of 3rd period - Snap shot by Evgeny Grachev.
6:40 of 3rd period - Stopped by Michal Neuvirth with a rebound.
6:42 of 3rd period - Wrist shot by Evgeny Grachev.
6:42 of 3rd period - Stopped by Michal Neuvirth without a rebound.
6:43 of 3rd period - John Tavares wins face-off versus Andrew Cogliano in Penguins zone.
6:46 of 3rd period - Snap shot by Michael Grabner.
6:46 of 3rd period - Stopped by Michal Neuvirth with a rebound.
6:52 of 3rd period - Wrist shot by Steven Stamkos.
6:52 of 3rd period - Stopped by Brian Elliott without a rebound.
6:53 of 3rd period - John Tavares wins face-off versus Steven Stamkos in Stars zone.
6:53 of 3rd period - John Tavares is hit by Andrew Cogliano.
7:05 of 3rd period - Slapshot by Keith Aulie.
7:05 of 3rd period - Deflect By Steven Stamkos.
7:05 of 3rd period - Goal by Steven Stamkos - Stars : 2 - Penguins : 1.
7:06 of 3rd period - John Tavares wins face-off versus Steven Stamkos in neutral zone.
7:21 of 3rd period - Snap shot by John Tavares.
7:21 of 3rd period - Shot Blocked by Keith Aulie.
7:23 of 3rd period - Wrist shot by Guillaume Latendresse.
7:23 of 3rd period - Shot Blocked by Keith Aulie.
7:24 of 3rd period - Minor Penalty to Guillaume Latendresse for High sticking.
7:25 of 3rd period - John Tavares wins face-off versus Steven Stamkos in Stars zone.
7:25 of 3rd period - John Tavares is hit by Keith Aulie.
7:49 of 3rd period - Minor Penalty to Andrew Cogliano for Slashing.
7:50 of 3rd period - Steven Stamkos wins face-off versus John Tavares in Penguins zone.
8:52 of 3rd period - Danny DeKeiser is hit by Cory Emmerton and loses puck.
9:24 of 3rd period - Penalty to Guillaume Latendresse is over, Guillaume Latendresse is back on ice.
9:41 of 3rd period - Snap shot by Guillaume Latendresse.
9:41 of 3rd period - Stopped by Michal Neuvirth without a rebound.
9:42 of 3rd period - Claude Giroux wins face-off versus Cory Emmerton in Penguins zone.
9:49 of 3rd period - Penalty to Andrew Cogliano is over, Andrew Cogliano is back on ice.
10:09 of 3rd period - Snap shot by Guillaume Latendresse.
10:09 of 3rd period - Deflect By John Tavares.
10:09 of 3rd period - Goal by John Tavares - Stars : 3 - Penguins : 1.
10:10 of 3rd period - Steven Stamkos wins face-off versus John Tavares in neutral zone.
10:25 of 3rd period - Slapshot by Brian Lee.
10:25 of 3rd period - Shot Blocked by Andrew Cogliano.
10:38 of 3rd period - Minor Penalty to Cory Emmerton for Tripping.
10:39 of 3rd period - John Tavares wins face-off versus Steven Stamkos in Stars zone.
10:50 of 3rd period - Snap shot by Guillaume Latendresse.
10:50 of 3rd period - Shot Misses the Net.
11:32 of 3rd period - Snap shot by Brian Flynn.
11:32 of 3rd period - Shot Misses the Net.
12:38 of 3rd period - Penalty to Cory Emmerton is over, Cory Emmerton is back on ice.
13:04 of 3rd period - Snap shot by Ted Purcell.
13:04 of 3rd period - Shot Misses the Net.
13:18 of 3rd period - Slapshot by B.J. Crombeen.
13:18 of 3rd period - Shot Blocked by Keith Aulie.
13:34 of 3rd period - Slapshot by Keith Aulie.
13:34 of 3rd period - Shot Misses the Net.
14:02 of 3rd period - Eric Gryba is hit by Alexander Frolov and loses puck.
14:23 of 3rd period - Matt Corrente is hit by Brian Lee and loses puck.
14:50 of 3rd period - Wrist shot by Joe Colborne.
14:50 of 3rd period - Shot Misses the Net.
15:55 of 3rd period - Icing by Jussi Jokinen.
15:56 of 3rd period - Steven Stamkos wins face-off versus Cory Emmerton in Stars zone.
16:03 of 3rd period - Wrist shot by Andrew Cogliano.
16:03 of 3rd period - Stopped by Brian Elliott without a rebound.
16:04 of 3rd period - Joe Colborne wins face-off versus Evgeny Grachev in Stars zone.
16:05 of 3rd period - Snap shot by Cal Clutterbuck.
16:05 of 3rd period - Stopped by Brian Elliott without a rebound.
16:06 of 3rd period - Evgeny Grachev wins face-off versus Cal Clutterbuck in Stars zone.
16:06 of 3rd period - Evgeny Grachev is hit by Joe Colborne.
16:22 of 3rd period - Slapshot by B.J. Crombeen.
16:22 of 3rd period - Goal by B.J. Crombeen - Stars : 4 - Penguins : 1.
16:23 of 3rd period - Steven Stamkos wins face-off versus John Tavares in neutral zone.
16:45 of 3rd period - Minor Penalty to Ian White for Hooking.
16:46 of 3rd period - John Tavares wins face-off versus Steven Stamkos in Stars zone.
17:03 of 3rd period - Wrist shot by Claude Giroux.
17:03 of 3rd period - Shot Misses the Net.
17:30 of 3rd period - Dustin Brown is hit by Boris Valabik.
17:54 of 3rd period - Claude Giroux is hit by Alexander Frolov and loses puck.
18:45 of 3rd period - Penalty to Ian White is over, Ian White is back on ice.
19:01 of 3rd period - Snap shot by Alexander Frolov.
19:01 of 3rd period - Shot Misses the Net.
19:17 of 3rd period - Off-side.
19:18 of 3rd period - Tomas Plekanec wins face-off versus Cory Emmerton in neutral zone.
19:31 of 3rd period - Wrist shot by Ales Hemsky.
19:31 of 3rd period - Stopped by Brian Elliott without a rebound.
19:32 of 3rd period - Logan Couture wins face-off versus John Tavares in Stars zone.
19:43 of 3rd period - Snap shot by Guillaume Latendresse.
19:43 of 3rd period - Stopped by Michal Neuvirth with a rebound.
19:45 of 3rd period - Minor Penalty to Keith Aulie for Hooking.
19:46 of 3rd period - John Tavares wins face-off versus Sean Bergenheim in Penguins zone.
19:49 of 3rd period - Slapshot by John Tavares.
19:49 of 3rd period - Stopped by Michal Neuvirth without a rebound.
19:50 of 3rd period - John Tavares wins face-off versus Claude Giroux in Penguins zone.
Goals for this period are 2 for Stars vs 1 for Penguins.
Shots for this period are 12 for Stars vs 6 for Penguins.
Back to the Top